 Dungeon Crawl Stone Soup version 0.29.1-12-g30fa7ad0bf (webtiles) character file.

Game seed: 17764529349308435016

46 nachturnus the Shield-Bearer (level 3, -3/46 HPs)
             Began as a Draconian Fighter on Jan 1, 2023.
             Constricted to death by Ijyb (5 damage)
             ... on level 2 of the Dungeon.
             The game lasted 00:05:53 (2026 turns).

nachturnus the Shield-Bearer (Draconian Fighter)    Turns: 2026, Time: 00:05:55

Health: -3/46      AC: 21    Str: 20    XL:     3   Next: 46%
Magic:  3/3        EV: -1    Int:  8    God:
Gold:   12         SH:  4    Dex: 10    Spells: 2/2 levels left

rFire   . . .      SeeInvis .   h - +0 hand axe
rCold   . . .      Faith    .   a - +0 buckler
rNeg    . . .      Spirit   .   (body armour unavailable)
rPois   +          Reflect  .   (helmet currently unavailable)
rElec   .          Harm     .   (cloak currently unavailable)
rCorr   .          Rampage  .   (gloves currently unavailable)
Will    .....      NoTele   +   (boots currently unavailable)
Stlth   +.........              j - amulet of magic regeneration
HPRegen 0.15/turn               (no ring)
MPRegen 0.48/turn               (no ring)

@: tree-form, grasped by roots, constricted
A: stationary, stasis, torment immunity, boosted hp, AC +5, unfitting armour,
(cold-blooded)
a: no special abilities


You were on level 2 of the Dungeon.
You were a tree.
You visited 1 branch of the dungeon, and saw 2 of its levels.

You collected 12 gold pieces.

Inventory:

Hand Weapons
 d - a +0 club
 h - a +0 hand axe (weapon)
Armour
 a - a +0 buckler (worn)
Jewellery
 j - an amulet of magic regeneration (around neck)
Scrolls
 e - a scroll of teleportation {unknown}
 f - a scroll of butterflies {unknown}
 g - 2 scrolls of noise {unknown}
 k - a scroll of amnesia {unknown}
Potions
 b - a potion of might
 i - a potion of flight {unknown}


   Skills:
 - Level 3.3 Fighting
 + Level 2.3 Axes
 - Level 2.7 Dodging
 - Level 3.5 Shields
 - Level 2.0 Unarmed Combat


You had 2 spell levels left.
You didn't know any spells.
Your spell library was empty.

Dungeon Overview and Level Annotations

Branches:
Dungeon (2/15)

Altars:

Annotations:
D:2 Ijyb


Innate Abilities, Weirdness & Mutations

You are a tree.
Your roots penetrate the ground, keeping you stationary.
You cannot be teleported.
You are immune to unholy pain and torment.
Your maximum health is greatly increased.
Your equipment is partially melded.
((Your plain brown scales are hard. (AC +5)))
You cannot fit into any form of body armour.
((You are cold-blooded and may be slowed by cold attacks.))


Message History

You escape the roots grasp.
You block Ijyb's attack.
Things that are here:
a +0 dagger; a +0 club; a goblin corpse You hit Ijyb.
You tail-slap Ijyb.
Ijyb is moderately wounded.
Ijyb zaps a wand.
The roots erupt in riotous growth!
The grasping roots grab you!
Ijyb is unaffected.
The grasping roots constrict you.
You closely miss Ijyb.
Your tail-slap misses Ijyb.
Ijyb is moderately wounded.
Ijyb hits you with a +0 club. The grasping roots constrict you.
You block Ijyb's attack. The grasping roots constrict you.
You are too injured to fight recklessly!
You are too injured to fight recklessly!
You are too injured to fight recklessly!
You are too injured to fight recklessly!
You are too injured to fight recklessly!
You are too injured to fight recklessly!
You barely miss Ijyb.
Ijyb is moderately wounded.
Ijyb hits you with a +0 club.
* * * LOW HITPOINT WARNING * * *
The grasping roots constrict you.
* * * LOW HITPOINT WARNING * * *
It was a potion of lignification.
You turn into a tree.
Your roots penetrate the ground.
Ijyb hits you with a +0 club.
* * * LOW HITPOINT WARNING * * *
The grasping roots constrict you.
The grasping roots release their grip on you.
You closely miss Ijyb.
Ijyb is moderately wounded.
You block Ijyb's attack.
You barely miss Ijyb.
Ijyb is moderately wounded.
Ijyb hits you with a +0 club.
* * * LOW HITPOINT WARNING * * *
Ijyb zaps a wand.
The roots erupt in riotous growth!
The grasping roots grab you!
Ijyb is unaffected.
The grasping roots constrict you.
You die...

.....# #........#
.....# #.######.#
.....# ##.#....#.#
##.### #.....# #.#
##.#####..####.#.#
##.#...(.......#.#
#..#.###########.#
#.##.# #.#
#.##.##8.....8 #♣#
#.....#..ggg.. #g#
#######8.g.g.8 #g#
....g.. #.#
8.....8 #.#
..=.g.. #.#
8.....8##.#
..........#
........###


You could see Ijyb and a goblin.

Vanquished Creatures
  An adder (D:2)
  4 ball pythons
  3 endoplasms
  7 goblins
  A hobgoblin (D:1)
  7 jackals (D:1)
  2 quokkas
  3 bats (D:1)
  A frilled lizard (D:2)
  4 kobolds
  A rat (D:1)
34 creatures vanquished.

Notes
Turn   | Place    | Note
-------+----------+-------------------------------------------
     0 | D:1      | nachturnus the Draconian Fighter began the quest for the
                  | Orb.
     0 | D:1      | Reached XP level 1. HP: 19/19 MP: 1/1
   708 | D:1      | Reached XP level 2. HP: 26/26 MP: 2/2
  1194 | D:1      | Reached skill level 1 in Axes
  1629 | D:1      | Reached XP level 3. HP: 30/31 MP: 3/3
  2001 | D:2      | Noticed Ijyb
  2026 | D:2      | HP: 2/46 [Ijyb/+0 club (2)]
  2026 | D:2      | Constricted to death by Ijyb

Illustrated notes

Levels and vault maps discovered:
D:1:      matt_arrival_spirals, layout_basic, serial_co_window_serial,
          co_window_paths_a, co_window_of_opportunity_a, co_window_corner_a,
          co_window_of_opportunity_a, co_window_of_opportunity_a,
          co_window_unsneaky_path_d, co_window_unsneaky_path_a,
          co_window_unsneaky_path_d, co_window_broadway_c,
          co_window_unsneaky_path_c, glass_columns_b
D:2:      kennysheep_the_goblin_king, layout_basic, guppyfry_early_orc_mine

Skill      XL: |  1  2  3 |
---------------+----------+-----
Axes           | 1 2 |  2.3
Fighting       | |  3.3
Dodging        | |  2.7
Shields        | |  3.5
Unarmed Combat | |  2.0

Action                   || total
-------------------------++-------
Melee: Club              ||    40
       Unarmed           ||    10
       Tailslap          ||    12
       Hand axe          ||    88
  Use: Potion            ||     1
Armor: Skin              ||    41
Dodge: Dodged            ||    97
Block: Buckler           ||    32
